 Dungeon Crawl Stone Soup version 0.31-a0-507-gbafd7f5274 (webtiles) character file.

Game seed: 3708331366553162015

166 randomguy2701 the Grave Robber (level 5, -1/28 HPs)
             Began as a Deep Elf Necromancer on Aug 9, 2023.
             Was an Initiate of Sif Muna.
             Slain by a gnoll
             ... wielding a +0 flail
             ... led by a gnoll bouda
              (9 damage)
             ... on level 4 of the Dungeon.
             The game lasted 00:03:31 (2908 turns).

randomguy2701 the Grave Robber (DENe)               Turns: 2908, Time: 00:03:32

Health: -1/28      AC:  3    Str:  5    XL:     5   Next: 22%
Magic:  1/14       EV: 13    Int: 22    God:    Sif Muna [......]
Gold:   144        SH:  5    Dex: 15    Spells: 10/14 levels left

rFire   . . .        (no weapon)
rCold   . . .        (no shield)
rNeg    . . .        a - +0 robe
rPois   .            m - +0 helmet
rElec   .            (no cloak)
rCorr   .            (no gloves)
SInv    .            (no boots)
Will    +....        j - amulet of reflection
Stlth   ++           f - ring of willpower
HPRegen 0.24/turn    (no ring)
MPRegen 0.14/turn

%: reflection
@: no status effects
A: no striking features
a: Renounce Religion


You were on level 4 of the Dungeon.
You worshipped Sif Muna.
Sif Muna was noncommittal.
You visited 1 branch of the dungeon, and saw 4 of its levels.

You collected 144 gold pieces.

Inventory:

Armour
 a - a +0 robe (worn)
 m - a +0 helmet (worn)
Jewellery
 f - a ring of willpower (left hand)
 j - an amulet of reflection (around neck)
 o - an amulet of regeneration
Scrolls
 d - a scroll of vulnerability {unknown}
 e - 6 scrolls of blinking {unknown}
 g - a scroll of enchant armour {unknown}
 h - 3 scrolls of identify {unknown}
 i - 2 scrolls of revelation {unknown}
 l - a scroll of amnesia {unknown}
 n - a scroll of immolation {unknown}
Potions
 b - a potion of magic
 c - 2 potions of curing {unknown}
 k - a potion of might {unknown}


   Skills:
 + Level 2.7 Dodging
 + Level 3.0 Stealth
 + Level 5.0 Spellcasting
 + Level 6.5 Necromancy
 * Level 0.1 Invocations


You had 10 spell levels left.
You knew the following spells:

 Your Spells              Type           Power      Damage    Failure   Level
a - Necrotise             Necr           100%       1d9       1%          1
b - Vampiric Draining     Necr           34%        2d8       1%          3

Your spell library contained the following spells:

 Spells                   Type           Power      Damage    Failure   Level
 Animate Dead             Necr           34%        N/A       7%          4
 Ensorcelled Hibernation  Hex/Ice        10%        N/A       16%         2
 Agony                    Necr           34%        N/A       19%         5
 Call Canine Familiar     Summ           5%         N/A       30%         3
 Summon Cactus Giant      Summ           2%         N/A       100%        6
 Polar Vortex             Ice            2%         N/A       100%        9


Dungeon Overview and Level Annotations

Branches:
Dungeon (4/15)
 Temple: D:4-7

Altars:
Hepliaklqana
Sif Muna


Message History

The gnoll writhes in agony.
The gnoll writhes in agony.
The gnoll hits your gnoll skeleton with a +0 flail.
Your gnoll skeleton is destroyed!
The gnoll hits you with a +0 whip.
The gnoll writhes in agony!
You kill the gnoll!
Sif Muna accepts your kill.
You are out of magic!
You are out of magic!
You are out of magic!
You are out of magic!
You swap places.
Your gnoll skeleton hits the gnoll.
The gnoll attacks as you move away! The gnoll hits you with a +0 flail!
Your gnoll skeleton hits the gnoll.
The gnoll attacks as you move away! The gnoll barely misses you.
The gnoll attacks as you move away! The gnoll hits you with a +0 flail.
* * * LOW HITPOINT WARNING * * *
Casting: Necrotise (safe; 1% risk of failure)
Confirm with . or Enter, or press ? or * to list all spells.
Aiming: Necrotise (safe; 1% risk of failure)
Press: ? - help, Shift-Dir - straight line, f - gnoll
Aim: a gnoll, wielding a +0 flail (moderately wounded, chance to affect: 88%)
The gnoll writhes in agony.
You block the gnoll's attack.
Unknown command.
You hit the gnoll but do no damage.
The gnoll is heavily wounded.
The gnoll misses you.
You hit the gnoll but do no damage.
The gnoll is heavily wounded.
The gnoll hits you with a +0 flail.
* * * LOW HITPOINT WARNING * * *
You closely miss the gnoll.
The gnoll is heavily wounded.
Your gnoll skeleton hits the gnoll.
The gnoll completely misses you.
You closely miss the gnoll.
The gnoll is almost dead.
Your gnoll skeleton hits the gnoll.
The gnoll hits you with a +0 flail!
You die...

####.######
#.........#
#.##.####.#
#.#....##.#
#.#..#....###
#...........#
#..Z#.#####.
#..g#.# .
#..@..#
..'.##))..######
#..).>.).....#
####.######.##
#. ##


You could see a gnoll (ally target) and a friendly gnoll skeleton.

Vanquished Creatures
  A gnoll bouda (D:4)
  Jessica (D:2)
  2 gnolls (D:4)
  An adder (D:3)
  3 dart slugs
  4 orcs (D:3)
  2 bats (D:2)
  2 endoplasms (D:1)
  4 giant cockroaches
  6 goblins
  5 hobgoblins
  11 jackals
  5 ball pythons
  4 kobolds
  6 rats
57 creatures vanquished.

Vanquished Creatures (collateral kills)
  A gnoll (D:4)
1 creature vanquished.

Grand Total: 58 creatures vanquished

Notes
Turn   | Place    | Note
-------+----------+-------------------------------------------
     0 | D:1      | randomguy2701 the Deep Elf Necromancer began the quest for
                  | the Orb.
     0 | D:1      | Reached XP level 1. HP: 10/10 MP: 6/6
    69 | D:1      | Reached skill level 5 in Necromancy
   224 | D:1      | Reached XP level 2. HP: 15/15 MP: 1/8
   997 | D:1      | Reached XP level 3. HP: 19/19 MP: 7/10
  1126 | D:2      | Got the Papyrus of Hyperborean Illusion
  1406 | D:2      | Noticed Jessica
  1413 | D:2      | Killed Jessica
  1597 | D:2      | Reached XP level 4. HP: 24/24 MP: 9/12
  2042 | D:3      | Reached skill level 6 in Necromancy
  2101 | D:3      | Found a hazy altar of Hepliaklqana.
  2121 | D:3      | Found a shimmering blue altar of Sif Muna.
  2250 | D:3      | Became a worshipper of Sif Muna the Loreminder
  2813 | D:3      | Learned a level 3 spell: Vampiric Draining
  2880 | D:4      | Reached skill level 5 in Spellcasting
  2880 | D:4      | Reached XP level 5. HP: 28/28 MP: 5/14
  2908 | D:4      | Slain by a gnoll

Illustrated notes

Levels and vault maps discovered:
D:1:      matt_arrival_spirals, layout_basic
D:2:      layout_basic, uniq_jessica
D:3:      layout_basic, mainiacjoe_overflow_large_starburst, nrook_campfire
D:4:      layout_basic, cheibriados_altar_1, cheibrodos_gnoll_hut

Skill      XL: |  1  2  3  4 |
---------------+-------------+-----
Necromancy     | 5 6 |  6.5
Spellcasting   | 4 5 |  5.0
Stealth        | 3 |  3.0
Dodging        | |  2.7
Invocations    | |  0.1

Action                     |  1- 3 |  4- 6 || total
---------------------------+-------+-------++-------
  Melee: Unarmed           |     3 |     4 ||     7
   Cast: Necrotise         |    50 |    48 ||    98
   Stab: Distracted        |     1 |       ||     1
 Armour: Robe              |     4 |     2 ||     6
  Dodge: Dodged            |     7 |     6 ||    13
  Block: Other             |     1 |     2 ||     3

Table legend: (Time is in decaauts)
 A = Elapsed time spent in this place.
 B = Non-inter-level travel time spent in this place.
 C = Inter-level travel time spent in this place.
 D = Time resting spent in this place.
 E = Time spent auto-exploring this place.
 F = Levels seen in this place.
 G = Mean time per level.
                   A        B        C        D        E       F      G
               +--------+--------+--------+--------+--------+-----+--------+
         Total |   2907 |   2735 |    172 |      0 |   2441 |   4 |  726.8 |
       Dungeon |   2907 |   2735 |    172 |      0 |   2441 |   4 |  726.8 |
               +--------+--------+--------+--------+--------+-----+--------+

Top non-repeatable levels by time:
     D:1: 1069 daAuts
     D:3: 932 daAuts
     D:2: 836 daAuts
     D:4: 69 daAuts
